 Dungeon Crawl Stone Soup version 0.23.1-37-gaa34b87 (webtiles) character file.

Game seed: 14198439022863185435

4626 vishdafish the Timeless (level 10, 0/97 HPs)
             Began as an Octopode Fighter on Mar 22, 2019.
             Was a High Priest of Cheibriados.
             Engulfed by a cloud of freezing vapour (15 damage)
             ... on level 9 of the Dungeon.
             The game lasted 00:12:56 (7915 turns).

vishdafish the Timeless (Octopode Fighter)          Turns: 7915, Time: 00:12:57

Health: 0/97       AC: 25    Str: 29    XL:     10   Next: 42%
Magic:  17/17      EV:  2    Int: 30    God:    Cheibriados [*****.]
Gold:   65         SH:  0    Dex: 28    Spells: 8/9 levels left

rFire    . . .     SeeInvis .     - Unarmed
rCold    . . .     Gourm    .   a - +0 shield
rNeg     + + +     Faith    .   (helmet currently unavailable)
rPois    +         Spirit   .   D - amulet of rage
rElec    .         Reflect  .   n - ring of resist corrosion
rCorr    +         Harm     .   p - +5 ring of dexterity
MR       .....     NoTele   +   q - ring of flight
Stlth    +.........             z - +3 ring of evasion
HPRegen  0.26/turn              (no ring)
MPRegen  0.15/turn              (no ring)
                                (no ring)
                                (no ring)

@: confused, brilliant, tree-form, very slightly contaminated, invisible, very
slow
A: almost no armour, stealthy swim, (amphibious), 8 rings, (constrict 8)
a: Bend Time, Temporal Distortion, Slouch, Step From Time, Renounce Religion,
Evoke Berserk Rage


You were on level 9 of the Dungeon.
You worshipped Cheibriados.
Cheibriados was extremely pleased with you.
You were not hungry.
You were a tree.
You visited 1 branch of the dungeon, and saw 9 of its levels.

You collected 434 gold pieces.
You spent 369 gold pieces at shops.

Inventory:

Missiles
 o - 13 tomahawks (quivered)
Armour
 a - a +0 shield (worn)
Jewellery
 h - an uncursed amulet of the gourmand
 n - a ring of resist corrosion (left branch)
 p - a +5 ring of dexterity (right branch)
 q - a ring of flight (on tentacle)
 z - a +3 ring of evasion (on tentacle)
 A - an uncursed ring of protection from magic
 D - an amulet of rage (around neck)
Wands
 C - a wand of clouds (1)
Scrolls
 e - a scroll of fog {unknown}
 f - 4 scrolls of teleportation
 j - a scroll of identify
 k - 2 scrolls of enchant armour {unknown}
 l - 2 scrolls of random uselessness {unknown}
 s - a scroll of fear {unknown}
 t - a scroll of magic mapping {unknown}
 w - a scroll of amnesia {unknown}
 x - 3 scrolls of remove curse
 y - a scroll of acquirement {unknown}
 B - a scroll of summoning {unknown}
 E - a scroll of immolation {unknown}
Potions
 b - a potion of might
 g - 3 potions of agility
 i - 2 potions of haste
 m - a potion of lignification
 u - a potion of ambrosia
Comestibles
 c - 12 rations


   Skills:
 + Level 4.4 Fighting
 + Level 4.4 Dodging
 - Level 2.0 Stealth
 - Level 6.2 Shields
 * Level 6.8 Unarmed Combat
 - Level 4.0 Hexes
 - Level 10.0 Invocations
 - Level 5.0 Evocations


You had 8 spell levels left.
You knew the following spells:

 Your Spells              Type           Power        Failure   Level  Hunger
a - Confusing Touch       Hex            #####.       1%          1    ##.....

Your spell library contained the following spells:

 Spells                   Type           Power        Failure   Level  Hunger
 Animate Skeleton         Necr           N/A          3%          1    ##.....
 Apportation              Tloc           ###...       3%          1    ##.....
 Magic Dart               Conj           ###.         3%          1    ##.....
 Shock                    Conj/Air       ###.         3%          1    ##.....
 Summon Small Mammal      Summ           ###.         3%          1    ##.....
 Dazzling Spray           Conj/Hex       ####..       4%          3    ####...
 Searing Ray              Conj           ###...       5%          2    ###....
 Sublimation of Blood     Necr           ###.......   5%          2    ###....
 Swiftness                Chrm/Air       ###.....     5%          2    ###....
 Ignite Poison            Fire/Tmut/Pois ###.....     10%         3    ####...
 Static Discharge         Conj/Air       ###.....     10%         3    ####...
 Fulminant Prism          Conj/Hex       ####......   14%         4    #####..
 Airstrike                Air            ###.......   28%         4    #####..
 Force Lance              Conj/Tloc      ###.....     28%         4    #####..
 Iskenderun's Mystic Bla  Conj           ###.....     28%         4    #####..
 Petrify                  Tmut/Erth      ###.....     28%         4    #####..
 Alistair's Intoxication  Tmut/Pois      ###.....     56%         5    ######.
 Irradiate                Conj/Tmut      ###.......   56%         5    ######.
 Lightning Bolt           Conj/Air       ###.......   56%         5    ######.


Dungeon Overview and Level Annotations

Branches:
Dungeon (9/15)             Temple (0/1) D:7
   Lair: D:8-11         Orc: D:9-12

Altars:
Cheibriados
Fedhas
Gozag
Kikubaaqudgha
Okawaru
Qazlal
Vehumet
Xom

Shops:
D:5 :   D:8 *}}[*


Innate Abilities, Weirdness & Mutations

You cannot wear most types of armour.
You are very stealthy in the water. (Stealth+)
((You are amphibious.))
You can wear up to eight rings at the same time.
((You can use your tentacles to constrict eight enemies at once.))
((Your skin changes colour to match your surroundings (Stealth+).))
((Your rubbery body absorbs attacks. (AC +1, EV +1)))


Message History

Okay, then.
Okay, then.
Okay, then.
You cannot move.
It was a potion of heal wounds.
You feel much better.
You are engulfed in freezing vapours.
It was a potion of invisibility.
You fade into invisibility!
You are very lightly contaminated with residual magic.
It was a potion of brilliance.
You feel clever all of a sudden.
* * * LOW HITPOINT WARNING * * *
* * * LOW HITPOINT WARNING * * *
* * * LOW HITPOINT WARNING * * *
Okay, then.
Okay, then.
You are confused.
You feel invigorated.
* * * LOW HITPOINT WARNING * * *
You die...

#.. #.# #.. #.#
#.. #.# #.. #.#
#.. #.# #.. #☼#
#.( #§# #..
######♣######.
#..
#.....○.......
#..
#.####(######.#
#.. ##(######.#
#.. #.........#
#.# #.........#
#.# #######
#.........# #.#
#.....#
##(######.# #.#
#.....### #.#
#..


There were no monsters in sight!

Vanquished Creatures
  Harold (D:9)
  A hornet (D:7)
  2 hippogriffs
  A yak (D:7)
  A sky beast (D:8)
  2 ice beasts
  5 orc warriors
  3 phantoms
  A necrophage (D:7)
  3 centaurs
  5 ogres
  2 bullfrogs
  A wyvern skeleton (D:7)
  2 scorpions
  A howler monkey (D:6)
  5 crimson imps
  A bullfrog zombie (D:7)
  6 orc priests
  A gnoll shaman (D:4)
  3 hounds
  2 iguanas (D:7)
  5 orc wizards
  5 worker ants
  A hound skeleton (D:7)
  A hound zombie (D:7)
  A worker ant zombie (D:8)
  Robin (D:2)
  14 adders
  7 gnolls
  A howler monkey skeleton (D:6)
  2 adder skeletons
  3 worms (D:2)
  5 dart slugs
  3 leopard geckos
  40 orcs
  3 ball pythons
  7 giant cockroaches
  13 goblins
  12 hobgoblins
  8 jackals
  A quokka (D:6)
  6 bats
  7 frilled lizards
  16 kobolds
  13 rats
224 creatures vanquished.

Notes
Turn   | Place    | Note
-------+----------+-------------------------------------------
     0 | D:1      | vishdafish the Octopode Fighter began the quest for the
                  | Orb.
     0 | D:1      | Reached XP level 1. HP: 16/16 MP: 1/1
   253 | D:1      | Reached XP level 2. HP: 19/21 MP: 2/2
   646 | D:1      | Reached XP level 3. HP: 26/26 MP: 3/3
   813 | D:1      | Reached skill level 1 in Stealth
  1455 | D:2      | Found a snail-covered altar of Cheibriados.
  1479 | D:2      | Reached XP level 4. HP: 22/31 MP: 4/4
  1482 | D:2      | Became a worshipper of Cheibriados the Contemplative
  1773 | D:2      | Noticed Robin
  1796 | D:2      | Killed Robin
  1804 | D:2      | Reached * piety under Cheibriados
  2027 | D:2      | Found an iron altar of Okawaru.
  2110 | D:2      | Reached XP level 5. HP: 31/36 MP: 5/5
  2453 | D:3      | Found a blossoming altar of Fedhas.
  2670 | D:3      | Reached ** piety under Cheibriados
  2968 | D:4      | Reached XP level 6. HP: 23/42 MP: 6/6
  3453 | D:4      | Reached skill level 5 in Unarmed Combat
  3951 | D:5      | Entered Level 5 of the Dungeon
  3970 | D:5      | Noticed a phantom
  3973 | D:5      | Reached *** piety under Cheibriados
  3973 | D:5      | Reached XP level 7. HP: 23/46 MP: 7/7
  3995 | D:5      | Reached skill level 5 in Shields
  3995 | D:5      | Reached skill level 1 in Invocations
  4310 | D:5      | Found Xiwn's Book Shoppe.
  4319 | D:5      | Reached skill level 2 in Invocations
  4402 | D:5      | You fall through a shaft!
  4596 | D:6      | Reached skill level 3 in Invocations
  4637 | D:6      | Found a shimmering altar of Xom.
  4722 | D:6      | Reached XP level 8. HP: 39/52 MP: 10/10
  4798 | D:6      | Reached skill level 4 in Invocations
  4899 | D:6      | Reached skill level 5 in Invocations
  5091 | D:6      | Found an ancient bone altar of Kikubaaqudgha.
  5219 | D:6      | Found a stormy altar of Qazlal.
  5235 | D:6      | Learned a level 1 spell: Confusing Touch
  5236 | D:7      | Found a radiant altar of Vehumet.
  5243 | D:7      | Found a staircase to the Ecumenical Temple.
  5387 | D:7      | Reached skill level 1 in Hexes
  5451 | D:7      | Reached skill level 6 in Invocations
  5478 | D:7      | Reached skill level 7 in Invocations
  5576 | D:7      | Noticed a yak
  5576 | D:7      | Noticed a hornet
  5581 | D:7      | Killed a hornet
  5581 | D:7      | Reached **** piety under Cheibriados
  5581 | D:7      | Reached XP level 9. HP: 57/57 MP: 14/14
  5589 | D:7      | Reached skill level 8 in Invocations
  6027 | D:8      | Found Napsys's Gadget Emporium.
  6045 | D:8      | Bought a wand of clouds (4) for 288 gold pieces
  6058 | D:8      | Found Woupeipn's Gadget Emporium.
  6114 | D:8      | Found Ubbuf's Assorted Antiques.
  6125 | D:8      | Bought a scroll labeled DEAPHE TECITZ for 28 gold pieces
  6125 | D:8      | Bought a scroll labeled OMAIDU LECWEB for 28 gold pieces
  6125 | D:8      | Bought a glowing sapphire potion for 25 gold pieces
  6174 | D:8      | Reached skill level 1 in Evocations
  6180 | D:8      | Found Vueruigo's Antique Armour Shop.
  6233 | D:8      | Reached skill level 9 in Invocations
  6750 | D:8      | Found an opulent altar of Gozag.
  6940 | D:8      | Found Ziothrur's Assorted Antiques.
  6947 | D:8      | Reached XP level 10. HP: 63/63 MP: 17/17
  7260 | D:9      | Reached skill level 10 in Invocations
  7316 | D:9      | Reached skill level 5 in Evocations
  7551 | D:9      | Reached ***** piety under Cheibriados
  7896 | D:9      | Noticed Harold
  7903 | D:9      | Killed Harold
  7915 | D:9      | Engulfed by a cloud of freezing vapour

Skill      XL: |  1  2  3  4  5  6  7  8  9 10 |
---------------+-------------------------------+-----
Stealth        | 1 2 |  2.0
Unarmed Combat | 3 4 5 6 |  6.8
Shields        | 4 5 6 |  6.2
Invocations    | 3 7 9 10 | 10.0
Hexes          | 3 4 |  4.0
Evocations     | 4 5 |  5.0
Fighting       | 4 |  4.4
Dodging        | 4 |  4.4

Action                   |  1- 3 |  4- 6 |  7- 9 | 10-12 || total
-------------------------+-------+-------+-------+-------++-------
Melee: Unarmed           |    95 |   138 |   211 |    52 ||   496
       Constrict         |    33 |    38 |    41 |    15 ||   127
       Tentacles         |    21 |    36 |    85 |    21 ||   163
       Punch             |     2 |     6 |    17 |     4 ||    29
Invok: Bend Time         |       |       |     2 |       ||     2
       Slouch            |       |       |     1 |       ||     1
Evoke: Wand              |       |       |     1 |     2 ||     3
  Use: Potion            |       |       |     5 |     6 ||    11
       Scroll            |       |       |     6 |       ||     6
 Stab: Sleeping          |    14 |    17 |    17 |     3 ||    51
       Distracted        |       |     1 |       |       ||     1
       Confused          |       |       |       |     2 ||     2
  Eat: Chunk             |     7 |    10 |       |       ||    17
Armor: Skin              |     3 |     2 |    10 |     8 ||    23
Dodge: Dodged            |    24 |    48 |    72 |    20 ||   164
Block: Shield            |    25 |    41 |    80 |    19 ||   165
